AoeStats
← DaTuRa

Lombardia

509675154Analyzed
4v4 RM · 6d ago on Sep 27, 2026· 45m 36s· 8 players
Game mode
Random Map
Map size
Large (8 player)
Population
200
Speed
Normal
Resources
Standard
Victory
Conquest
Starting age
Dark Age
Ending age
Imperial Age
RankedLock teamsTeams togetherTeam positionsShared explorationLock speedFull tech treeHidden civsTurbo modeCheats
Victory
Defeat
🇲🇽 Tatars · Mexico
1598
+9
🇦🇷 Varangians · Argentina
1585
+10
🇹🇷 Khmer · Türkiye
1507
+13
🇹🇷 Bulgarians · Türkiye
1455
+15
🇹🇷 Japanese · Türkiye
1597
-18
🇹🇷 Mapuche · Türkiye
1532
-15
🇹🇷 Magyars · Türkiye
1339
-8
🇦🇿 Hindustanis · Azerbaijan
1273
-6
hK | Anubis
5:00 Loom
9:33 Feudal Age
11:31 Double-Bit Axe
12:39 Fletching
23:03 Castle Age
23:41 Bodkin Arrow
23:58 Bow Saw
25:04 Bloodlines
27:55 Ballistics
27:46 Padded Archer Armor
28:14 Horse Collar
28:57 Husbandry
30:23 Wheelbarrow
34:15 Town Watch
39:26 Imperial Age
38:07 Leather Archer Armor
40:13 Bracer
41:42 Chemistry
44:24 Ring Archer Armor
DaTuRa
9:38 Feudal Age
10:09 Loom
11:19 Double-Bit Axe
16:10 Castle Age
15:08 Horse Collar
17:29 Bow Saw
17:20 Heavy Plow
23:52 Scale Barding Armor
25:21 Husbandry
30:31 Wheelbarrow
29:49 Gold Mining
29:50 Stone Mining
30:12 Forging
30:33 Bloodlines
31:14 Chain Barding Armor
31:41 Fletching
31:33 Light Cavalry
32:15 Bodkin Arrow
32:56 Iron Casting
37:00 Imperial Age
36:59 Stirrups
38:49 Hussar
39:39 Squires
39:25 Gambesons
41:11 Pikeman
42:59 Scale Mail Armor
44:00 Blast Furnace
44:08 Chain Mail Armor
[KOF] JoakoM
6:35 Loom
8:55 Feudal Age
9:34 Double-Bit Axe
11:47 Bloodlines
20:59 Castle Age
21:51 Scale Barding Armor
22:19 Light Cavalry
33:07 Husbandry
33:30 Chain Barding Armor
35:30 Forging
37:22 Bow Saw
37:12 Gold Mining
39:42 Wheelbarrow
38:53 Town Watch
42:31 Imperial Age
40:40 Horse Collar
40:50 Stone Mining
42:48 Iron Casting
42:38 Cavalier
43:58 Plate Barding Armor
45:16 Blast Furnace
44:20 Town Patrol
vela
7:09 Loom
9:46 Feudal Age
10:23 Double-Bit Axe
11:49 Horse Collar
15:59 Gold Mining
17:20 Wheelbarrow
19:48 Castle Age
18:40 Bloodlines
18:37 Scale Barding Armor
18:44 Scale Mail Armor
19:02 Forging
21:13 Chain Barding Armor
20:55 Husbandry
31:32 Iron Casting
33:42 Imperial Age
32:11 Bow Saw
32:54 Stone Mining
33:40 Gold Shaft Mining
33:48 Hand Cart
34:18 Heavy Plow
33:47 Elite Battle Elephant
35:20 Plate Barding Armor
36:50 Blast Furnace
35:41 Light Cavalry
36:19 Town Watch
36:49 Tusk Swords
37:09 Conscription
37:16 Fletching
39:23 Bodkin Arrow
40:41 Caravan
40:25 Hussar
43:34 Crop Rotation
43:19 Town Patrol
43:33 Bracer
44:21 Coinage
46:18 Ballistics
Ainz_Own_Goal
10:52 Feudal Age
16:52 Castle Age
14:46 Double-Bit Axe
15:33 Fletching
17:28 Loom
18:04 Bodkin Arrow
27:07 Horse Collar
28:30 Ballistics
28:44 Padded Archer Armor
30:26 Husbandry
30:40 Bloodlines
32:38 Heavy Plow
32:49 Bow Saw
33:19 Wheelbarrow
38:41 Hand Cart
40:57 Imperial Age
38:46 Leather Archer Armor
38:42 Forging
38:38 Scale Barding Armor
39:35 Thumb Ring
39:37 Guard Tower
39:57 Fortified Wall
39:43 Stone Mining
39:43 Gold Mining
41:59 Iron Casting
41:03 Heavy Cavalry Archer
42:08 Parthian Tactics
41:45 Bracer
42:47 Chemistry
42:00 Masonry
41:36 Arrowslits
43:05 Town Watch
43:51 Ring Archer Armor
44:23 Blast Furnace
43:44 Chain Barding Armor
44:51 Caravan
45:30 Keep
Théoden
1:21 Loom
11:28 Feudal Age
16:16 Castle Age
14:05 Double-Bit Axe
15:39 Fletching
18:00 Bodkin Arrow
23:27 Ballistics
24:30 Town Watch
36:33 Padded Archer Armor
38:40 Wheelbarrow
40:58 Hand Cart
44:56 Imperial Age
45:54 Leather Archer Armor
Samir
6:17 Loom
8:59 Feudal Age
9:50 Double-Bit Axe
14:27 Horse Collar
16:45 Scale Barding Armor
18:10 Forging
26:38 Castle Age
25:41 Bloodlines
25:28 Gold Mining
26:42 Light Cavalry
27:22 Husbandry
27:45 Chain Barding Armor
28:33 Heavy Plow
30:35 Gold Shaft Mining
31:22 Iron Casting
34:58 Stone Mining
40:40 Wheelbarrow
45:47 Imperial Age
44:53 Ballistics
48:17 Imperial Age
[ICMW] Telepuni
7:11 Loom
9:47 Feudal Age
10:48 Double-Bit Axe
21:40 Horse Collar
27:14 Castle Age
26:43 Scale Barding Armor
26:50 Gold Mining
28:09 Bloodlines
28:02 Husbandry
31:05 Chain Barding Armor
35:18 Wheelbarrow
37:49 Heavy Plow
41:57 Imperial Age
40:19 Bow Saw
43:53 Plate Barding Armor
42:49 Cavalier
Connection lost

Rejoining the realm…

Still unreachable

The connection could not be restored.

Session expired

The server has moved on; the page needs a fresh start.